 Dungeon Crawl Stone Soup version 0.29.0-5-ge4962eb29e (webtiles) character file.

Game seed: 1910435623380728345

492 adizb the Trooper (level 6, -4/53 (54) HPs)
             Began as a Palentonga Fighter on Aug 29, 2022.
             Slain by Crazy Yiuf
             ... wielding a +3 quarterstaff of chaos
              (19 damage)
             ... on level 4 of the Dungeon.
             The game lasted 00:16:05 (3340 turns).

adizb the Trooper (Palentonga Fighter)              Turns: 3340, Time: 00:16:05

HP:   -4/53 (54)    AC:  8    Str: 23    XL:     6   Next: 91%
MP:   6/6           EV:  7    Int:  8    God:
Gold: 173           SH:  6    Dex: 10    Spells: 5/5 levels left

rFire   . . .      SeeInvis +   a - +0 flail
rCold   . . .      Faith    .   c - +2 buckler
rNeg    . . .      Spirit   .   b - +0 scale mail
rPois   .          Reflect  .   (no helmet)
rElec   .          Harm     .   (no cloak)
rCorr   .          Rampage  .   m - +0 pair of gloves
Will    .....                   (no barding)
Stlth   ..........              f - amulet of the acrobat
HPRegen 0.17/turn               (no ring)
MPRegen 0.10/turn               (no ring)

@: about to teleport, lightly drained, invisible
A: large, rugged brown scales 3, see invisible, deformed body, roll 1, armoured
tail
a: Rolling Charge


You were on level 4 of the Dungeon.
You visited 1 branch of the dungeon, and saw 4 of its levels.

You collected 173 gold pieces.

Inventory:

Hand Weapons
 a - a +0 flail (weapon)
Armour
 b - a +0 scale mail (worn)
 c - a +2 buckler (worn)
 m - a +0 pair of gloves (worn)
Jewellery
 f - an amulet of the acrobat (around neck)
Scrolls
 i - 3 scrolls of butterflies
 j - a scroll of silence {unknown}
 o - a scroll of enchant armour
 r - a scroll of poison
 v - a scroll of summoning {unknown}
Potions
 d - a potion of might
 e - 2 potions of haste {unknown}
 g - a potion of ambrosia {unknown}
 h - a potion of degeneration {unknown}
 k - 2 potions of attraction {unknown}
 l - a potion of flight {unknown}
 n - a potion of invisibility {unknown}
 p - a potion of cancellation {unknown}
 q - 2 potions of brilliance {unknown}
 t - 2 potions of curing
 u - a potion of magic {unknown}


   Skills:
 * Level 5.1 Fighting
 * Level 4.6 Maces & Flails
 + Level 3.3 Armour
 + Level 3.8 Shields


You had 5 spell levels left.
You didn't know any spells.
Your spell library contained the following spells:

 Spells                   Type           Power      Damage    Failure   Level
 Fulminant Prism          Conj/Hex       0%         3d6       100%        4
 Iskenderun's Mystic Bla  Conj/Tloc      0%         2d3       100%        4
 Lee's Rapid Deconstruct  Erth           0%         3d5*      100%        5
 Malign Gateway           Summ/Tloc      0%         N/A       100%        7
 Summon Horrible Things   Summ           0%         N/A       100%        8


Dungeon Overview and Level Annotations

Branches:
Dungeon (4/15)
 Temple: D:4-7

Altars:
Gozag
Ru
Trog

Shops:
D:3 =

Annotations:
D:4 Crazy Yiuf


Innate Abilities, Weirdness & Mutations

You are completely covered in rugged brown scales. (AC +3, +7% HP)
You have supernaturally acute eyesight. (SInv)
Armour fits poorly on your strangely shaped body.
You can roll at nearby foes to attack.
You have a long armoured tail.


Message History

You barely miss the adder. The adder closely misses you.
You sock the adder!
Your tail-slap misses the adder.
The adder is almost dead.
The adder bites you but does no damage. You block the adder's attack.
You miss the adder.
The adder is almost dead.
The adder bites you but does no damage.
You closely miss the adder.
The adder is almost dead.
The adder barely misses you. The adder bites you but does no damage.
You thump the adder!
You kill the adder!
Found a robe.
v - a scroll labelled COISCH VIFIOWOR You see here a +0 ring mail.
You see here a +0 robe.
Found a hammer.
Found a runed translucent door.
Crazy Yiuf shouts!
Crazy Yiuf grits, "Snower aubergine spinner!"
You open the door.
Crazy Yiuf drinks a potion.
Crazy Yiuf goes berserk!
Roll where?
Press: ? - help, Q - select action Dir - move target, f - Crazy Yiuf
Aim: Crazy Yiuf, wielding a +3 quarterstaff of chaos and wearing a +1 cloak of stealth (berserk)
You roll forward with a clatter of scales!
You barely miss Crazy Yiuf.
Crazy Yiuf hits you with a +3 quarterstaff of chaos!!
Crazy Yiuf closely misses you.
You hit Crazy Yiuf but do no damage.
Crazy Yiuf hits you with a +3 quarterstaff of chaos.
You feel drained.
As you read the scroll of teleportation, it crumbles to dust.
You feel strangely unstable. You block Crazy Yiuf's attack.
Crazy Yiuf hits you with a +3 quarterstaff of chaos!
* * * LOW HITPOINT WARNING * * *
You fade into invisibility!
You hit Crazy Yiuf.
Crazy Yiuf is lightly wounded.
Crazy Yiuf hits you with a +3 quarterstaff of chaos!!
You die...

#....###..######.#. #....#
##........#† ♣....♣ #...........
♣♣...♣ #......#.... ♣♣.♣♣
##.###.#.### ♣♣.♣ #...#.#.# ♣.♣♣
#.#.#.#.# ♣♣.♣ #...#.#.# ♣@♣♣
#.#.#.#.# #g# #.#.[<#.# # #...#
#........## # #...# #..........
#)..# ##........# #####
#........# #........#
###########.#
#####################.#########.#


You could see Crazy Yiuf (berserk, unable to see you).

Vanquished Creatures
  Menkaure (D:4)
  A scorpion (D:4)
  A necrophage (D:2)
  A howler monkey (D:3)
  An orc priest (D:3)
  2 orc wizards
  5 adders
  An adder skeleton (D:2)
  3 worms
  2 dart slugs
  8 orcs
  3 bats
  6 endoplasms
  2 giant cockroaches
  5 goblins
  12 hobgoblins
  2 quokkas
  7 ball pythons
  4 frilled lizards
  6 kobolds
  7 rats
80 creatures vanquished.

Vanquished Creatures (others)
  4 withered plants (D:2)
4 creatures vanquished.

Grand Total: 84 creatures vanquished

Notes
Turn   | Place    | Note
-------+----------+-------------------------------------------
     0 | D:1      | adizb the Palentonga Fighter began the quest for the Orb.
     0 | D:1      | Reached XP level 1. HP: 19/19 MP: 1/1
   147 | D:1      | Reached XP level 2. HP: 18/25 MP: 2/2
   640 | D:1      | Reached XP level 3. HP: 27/31 MP: 3/3
   724 | D:2      | Noticed a necrophage
   735 | D:2      | Killed a necrophage
   736 | D:2      | Reached XP level 4. HP: 13/39 MP: 4/4
  1342 | D:2      | Reached skill level 4 in Fighting
  1777 | D:3      | Reached XP level 5. HP: 44/44 MP: 5/5
  1880 | D:3      | Found an opulent altar of Gozag.
  1886 | D:3      | Found a bloodstained altar of Trog.
  1890 | D:3      | Found a sacrificial altar of Ru.
  2087 | D:3      | Found Wienux's One-of-a-Kind Rings.
  2184 | D:3      | Found a faded altar of an unknown god.
  2250 | D:3      | HP: 1/46 [orc/+0 hand axe (5)]
  2942 | D:4      | Reached XP level 6. HP: 49/52 MP: 6/6
  3027 | D:4      | Noticed Menkaure
  3029 | D:4      | Killed Menkaure
  3030 | D:4      | Reached skill level 5 in Fighting
  3331 | D:4      | Found a runed translucent door.
  3332 | D:4      | Noticed Crazy Yiuf
  3340 | D:4      | Slain by Crazy Yiuf

Illustrated notes

Levels and vault maps discovered:
D:1:      dpeg_arrival_tiny_a, layout_rooms, minmay_split_cup_large
D:2:      layout_basic, serial_undead, serial_undead_f, serial_undead_c,
          serial_undead_b, serial_undead_b, serial_undead_c, serial_undead_e
D:3:      layout_basic, minitemple, nicolae_ecumenical_snake_handling,
          nicolae_shop_unique_rings, kennysheep_big_empty_room, nrook_campfire,
          minmay_misc_feat_roman
D:4:      layout_basic, serial_corexii_hall, corexii_hall_statues_x,
          corexii_hall_statues_l, corexii_hall_statues_i,
          uniq_crazy_yiuf_cottage, uniq_menkaure

Skill      XL: |  1  2  3  4  5  6 |
---------------+-------------------+-----
Maces & Flails | 3 4 |  4.6
Shields        | 3 |  3.8
Fighting       | 4 5 |  5.1
Armour         | 3 |  3.3

Action                   |  1- 3 |  4- 6 || total
-------------------------+-------+-------++-------
Melee: Flail             |    93 |   138 ||   231
       Tailslap          |    10 |     7 ||    17
 Abil: Rolling Charge    |    13 |    33 ||    46
  Use: Scroll            |     1 |     9 ||    10
       Potion            |       |     3 ||     3
Armor: Scale mail        |    64 |    51 ||   115
Dodge: Dodged            |    30 |    35 ||    65
Block: Buckler           |    20 |    30 ||    50
